 Dungeon Crawl Stone Soup version 0.21.1-1-g345015f (webtiles) character file.

169 GrunderHorse the Firebug (level 5, -3/28 HPs)
             Began as a Gargoyle Fire Elementalist on Feb 28, 2018.
             Slain by a bullfrog (5 damage)
             ... on level 2 of the Dungeon.
             The game lasted 00:06:31 (3774 turns).

GrunderHorse the Firebug (GrFE)                     Turns: 3774, Time: 00:06:32

Health: -3/28      AC:  8    Str: 11    XL:     5   Next: 50%
Magic:  7/9        EV: 12    Int: 17    God:
Gold:   11         SH:  0    Dex: 10    Spells: 3/9 levels left

rFire    . . .     SeeInvis .   k - +0 spear
rCold    . . .     Gourm    .   (no shield)
rNeg     + . .     Faith    .   a - +0 robe
rPois    ∞         Spirit   .   g - +2 hat
rElec    +         Reflect  .   (no cloak)
rCorr    .         Harm     .   (no gloves)
MR       .....                  (no boots)
Stlth    ++........             (no amulet)
HPRegen  0.09/turn              (no ring)
MPRegen  0.11/turn              (no ring)

@: no status effects
A: negative energy resistance 1, electricity resistance, unbreathing,
petrification resistance, rot immunity, AC +4
a: no special abilities


You were on level 2 of the Dungeon.
You were very hungry.

You visited 1 branch of the dungeon, and saw 3 of its levels.

You collected 11 gold pieces.

Inventory:

Hand Weapons
 e - a +0 dagger
 k - a +0 spear (weapon)
Armour
 a - a +0 robe (worn)
 g - a +2 hat (worn)
 h - a cursed +0 leather armour
Wands
 m - a wand of flame (29)
Scrolls
 f - 3 scrolls of identify {unknown}
Potions
 d - a potion of haste {unknown}
 i - a potion of lignification {unknown}
 j - 2 potions of might {unknown}
 l - a potion of heal wounds {unknown}
Books
 b - a book of Flames

   Spells                             Type                      Level
   a - Flame Tongue                   Conjuration/Fire             1
   b - Throw Flame                    Conjuration/Fire             2
   c - Conjure Flame                  Conjuration/Fire             3
   d - Inner Flame                    Hexes/Fire                   3
   e - Sticky Flame                   Conjuration/Fire             4
   f - Fireball                       Conjuration/Fire             5
Comestibles
 c - 3 rations
 n - a chunk of flesh


   Skills:
 + Level 2.4 Dodging
 + Level 3.4 Stealth
 + Level 2.9 Spellcasting
 + Level 2.6 Conjurations
 + Level 3.7 Fire Magic


You had 3 spell levels left.
You knew the following spells:

 Your Spells              Type           Power        Failure   Level  Hunger
a - Flame Tongue          Conj/Fire      ##...        4%          1    #......
b - Throw Flame           Conj/Fire      ##....       7%          2    ##.....
c - Conjure Flame         Conj/Fire      ##......     14%         3    ###....


Dungeon Overview and Level Annotations

Branches:
Dungeon (3/15)

Altars:
Fedhas
Makhleb

Annotations:
D:2 exclusion: oklob plant


Innate Abilities, Weirdness & Mutations

You are resistant to torment.
Your stone body is resilient. (AC +4)
You are immune to poison.
You resist negative energy. (rN+)
You are resistant to electric shocks. (rElec)
You can survive without breathing.
You are immune to petrification.
You are immune to rotting.


Message History

Aiming: Flame Tongue
Press: ? - help, Shift-Dir - straight line, f/p - bullfrog
Aim: a bullfrog (severely wounded)
The flame tongue misses the bullfrog.
The bullfrog hits you.
* * * LOW HITPOINT WARNING * * *
The bullfrog closely misses you. The worm misses you.
The bullfrog closely misses you. The bullfrog barely misses you.
The bullfrog closely misses you. The bullfrog completely misses you.
The bullfrog barely misses you.
There is a stone staircase leading up here.
The bullfrog hits you.
* * * LOW HITPOINT WARNING * * *
You climb upwards.
Level annotation: exclusion: oklob plant
There is a stone staircase leading down here.
The bullfrog hits you but does no damage.
The bullfrog hits you.
You die...

..................#÷#
.##########.....>.#.########## .#
####.......#.#........# # .#
#..........#.#.######.# # .#
#.###[.....#.#......#.#### .#
#..........#.#..###.#.#... .#
##########.....#.#..# #.#.#.##
.###..............#.#..###'#.#.##
.##.......##.#..@.#.#..##....#<##
.##............F>.#.#..##....#.##
.##.####.#.###....#.#..##....#.##
.##...............#.#..##....#.##
.#######.#.#.#....#.#..##....#.##
....#..#.#.#.##._.#.#..##....#.#
###.#..#.#.#......#.#..#####.#.##
....#..#.#........#.#..#..÷..#.#.
.####..#.##########.....>......#.


You could see a bullfrog.

Vanquished Creatures
  Natasha (thrice) (D:2)
  3 adders
  A worm (D:3)
  3 dart slugs
  2 leopard geckos
  3 orcs (D:3)
  A ball python (D:2)
  2 giant cockroaches (D:2)
  7 goblins
  5 hobgoblins
  3 jackals (D:3)
  2 quokkas (D:2)
  4 bats
  2 frilled lizards
  4 kobolds (D:1)
  10 rats
55 creatures vanquished.

Vanquished Creatures (others)
  14 toadstools (D:2)
14 creatures vanquished.

Grand Total: 69 creatures vanquished

Notes
Turn   | Place    | Note
-------+----------+-------------------------------------------
     0 | D:1      | GrunderHorse the Gargoyle Fire Elementalist began the quest for the Orb.
     0 | D:1      | Reached XP level 1. HP: 10/10 MP: 3/3
   315 | D:1      | Reached XP level 2. HP: 15/15 MP: 1/5
   485 | D:1      | Learned a level 2 spell: Throw Flame
  1254 | D:1      | Reached XP level 3. HP: 19/19 MP: 6/6
  2028 | D:2      | Learned a level 3 spell: Conjure Flame
  2157 | D:2      | Found a burning altar of Makhleb.
  2157 | D:2      | Noticed Natasha
  2171 | D:2      | Killed Natasha
  2171 | D:2      | Reached XP level 4. HP: 7/24 MP: 0/7
  2444 | D:2      | Noticed Natasha
  2450 | D:2      | Killed Natasha
  2513 | D:2      | Noticed Natasha
  2752 | D:2      | Found a blossoming altar of Fedhas.
  2763 | D:2      | Noticed an oklob plant
  2870 | D:2      | Killed Natasha
  2870 | D:2      | Reached XP level 5. HP: 17/28 MP: 3/9
  3762 | D:3      | HP: 1/28 [bullfrog (6)]
  3772 | D:3      | HP: 1/28 [bullfrog (1)]
  3774 | D:2      | Slain by a bullfrog

Skill      XL: |  1  2  3 |
---------------+----------+-----
Dodging        | 2 |  2.4
Stealth        | 3 |  3.4
Conjurations   | 2 |  2.6
Spellcasting   | |  2.9
Fire Magic     | |  3.7

Action                   |  1- 3 |  4- 6 || total
-------------------------+-------+-------++-------
Melee: Unarmed           |    33 |       ||    33
       Dagger            |    84 |       ||    84
       Spear             |    15 |    73 ||    88
 Cast: Flame Tongue      |    32 |    27 ||    59
       Conjure Flame     |       |     4 ||     4
 Stab: Sleeping          |     4 |     4 ||     8
  Eat: Chunk             |     4 |     5 ||     9
Armor: Robe              |    42 |    24 ||    66
Dodge: Dodged            |    87 |    44 ||   131
